 Dungeon Crawl Stone Soup version 0.25-a0-737-g26c3a87 (webtiles) character file.

Game seed: 13677783444224042209, levelgen mode: deterministic

753 HeliumTrimp the Frost Mage (level 7, 0/54 HPs)
             Began as a Deep Elf Ice Elementalist on Apr 12, 2020.
             Slain by a wyvern zombie (1 damage)
             ... on level 5 of the Dungeon on Apr 13, 2020.
             The game lasted 00:14:55 (5333 turns).

HeliumTrimp the Frost Mage (DEIE)                   Turns: 5333, Time: 00:14:56

Health: 0/54       AC: 23    Str:  7    XL:     7   Next: 49%
Magic:  10/15      EV:  2    Int: 22    God:
Gold:   122        SH:  2    Dex: 15    Spells: 0/15 levels left

rFire    . . .     SeeInvis .   q - +2 spear (venom)
rCold    . . .     Gourm    .   (no shield)
rNeg     + + +     Faith    .   (armour currently unavailable)
rPois    +         Spirit   .   (helmet currently unavailable)
rElec    .         Reflect  +   (cloak currently unavailable)
rCorr    .         Harm     .   (gloves currently unavailable)
MR       .....     NoTele   +   (boots currently unavailable)
Stlth    +.........             d - +2 amulet of reflection
HPRegen  0.00/turn              m - ring of attention (curse)
MPRegen  0.14/turn              n - +2 ring of strength

@: tree-form
A: inhibited regeneration
a: no special abilities


You were on level 5 of the Dungeon.
You were not hungry.
You were a tree.
You visited 1 branch of the dungeon, and saw 5 of its levels.

You collected 122 gold pieces.

Inventory:

Hand Weapons
 q - a +2 spear of venom (weapon)
Missiles
 j - 13 poisoned darts (quivered)
Armour
 a - a +0 robe (melded)
 f - a +0 pair of boots (melded)
Jewellery
 d - a +2 amulet of reflection (around neck)
 m - a cursed ring of attention (left branch)
 n - a +2 ring of strength (right branch)
Wands
 b - a wand of flame (26)
 h - a wand of scattershot (5)
Scrolls
 e - a scroll of identify
 g - a scroll of amnesia {unknown}
 l - a scroll of immolation {unknown}
 o - a scroll of remove curse {unknown}
 r - a scroll of magic mapping {unknown}
Potions
 k - a potion of flight
Comestibles
 c - 5 rations
 p - 7 chunks of flesh


   Skills:
 - Level 2.4 Dodging
 - Level 2.4 Stealth
 - Level 4.5 Spellcasting
 + Level 3.6 Conjurations
 - Level 3.4 Charms
 + Level 2.4 Summonings
 - Level 8.0 Ice Magic


You couldn't memorise any spells.
You knew the following spells:

 Your Spells              Type           Power        Failure   Level  Hunger
a - Freeze                Ice            ####         1%          1    None
b - Ozocubu's Armour      Chrm/Ice       ####....     3%          3    ##.....
c - Frozen Ramparts       Ice            #####.       1%          3    ##.....
d - Hailstorm             Conj/Ice       ####....     10%         4    ####...
e - Summon Ice Beast      Ice/Summ       ####....     12%         4    ####...

Your spell library contained the following spells:

 Spells                   Type           Power        Failure   Level  Hunger


Dungeon Overview and Level Annotations

Branches:
Dungeon (5/15)
 Temple: D:4-7

Altars:

Shops:
D:4 %


Innate Abilities, Weirdness & Mutations

((You are resistant to electric shocks. (rElec)))
You do not regenerate when monsters are visible.


Message History

The wyvern zombie bites you.
* * * LOW HITPOINT WARNING * * *
You hit the wyvern zombie.
The wyvern zombie is moderately damaged.
The wyvern zombie barely misses you.
You hit the wyvern zombie.
The wyvern zombie is heavily damaged.
The wyvern zombie bites you but does no damage.
You hit the wyvern zombie.
The wyvern zombie is heavily damaged.
The wyvern zombie bites you but does no damage. x2
You barely miss the wyvern zombie.
The wyvern zombie is heavily damaged.
The wyvern zombie bites you.
* * * LOW HITPOINT WARNING * * *
You barely miss the wyvern zombie.
The wyvern zombie is heavily damaged.
The wyvern zombie bites you but does no damage.
The wyvern zombie bites you.
You die...

####### #)).Z.#
#####.###♣#
#....)){#.#
.........o.......
.##.......$......
#[##.o###..#...
#. #oo# ....... .
.... ....... #
##.#. #.##.#.. o.
.<


You could see a wyvern zombie.

Vanquished Creatures
  An ogre (D:4)
  A gnoll sergeant (D:4)
  2 electric eels (D:3)
  2 orc priests
  A hound (D:4)
  3 orc wizards
  A gnoll shaman (D:4)
  An iguana (D:4)
  A worker ant (D:4)
  10 gnolls (D:4)
  6 adders
  2 oozes
  A worm (D:4)
  A dart slug (D:2)
  2 leopard geckos
  16 orcs
  9 bats
  8 giant cockroaches
  5 goblins
  7 hobgoblins
  4 jackals (D:2)
  13 kobolds
  2 quokkas (D:4)
  2 ball pythons
  A ball python skeleton (D:4)
  9 frilled lizards
  7 rats
118 creatures vanquished.

Notes
Turn   | Place    | Note
-------+----------+-------------------------------------------
     0 | D:1      | HeliumTrimp the Deep Elf Ice Elementalist began the quest
                  | for the Orb.
     0 | D:1      | Reached XP level 1. HP: 10/10 MP: 6/6
   193 | D:1      | Reached XP level 2. HP: 7/15 MP: 2/8
   203 | D:1      | Reached skill level 5 in Ice Magic
  1309 | D:2      | Reached XP level 3. HP: 13/19 MP: 3/9
  2033 | D:2      | Reached skill level 6 in Ice Magic
  2221 | D:2      | Reached XP level 4. HP: 24/24 MP: 6/10
  2226 | D:2      | Learned a level 3 spell: Ozocubu's Armour
  2230 | D:2      | Learned a level 3 spell: Frozen Ramparts
  2839 | D:3      | Reached XP level 5. HP: 28/28 MP: 4/11
  2844 | D:3      | Reached skill level 1 in Charms
  2844 | D:3      | Reached skill level 7 in Ice Magic
  3196 | D:3      | Found a transporter.
  3211 | D:3      | Found a transporter.
  3224 | D:3      | Gained mutation: You do not regenerate when monsters are
                  | visible. [potion of mutation]
  3224 | D:3      | Gained mutation: You are resistant to electric shocks.
                  | (rElec) [potion of mutation]
  3898 | D:4      | Reached XP level 6. HP: 32/32 MP: 3/13
  3993 | D:4      | Learned a level 4 spell: Hailstorm
  4079 | D:4      | Found Tuimesil's Food Shop.
  4180 | D:4      | Reached skill level 1 in Conjurations
  4664 | D:4      | Reached XP level 7. HP: 35/36 MP: 13/15
  4693 | D:4      | Reached skill level 8 in Ice Magic
  4732 | D:4      | Learned a level 4 spell: Summon Ice Beast
  5221 | D:4      | Reached skill level 1 in Summonings
  5306 | D:5      | Entered Level 5 of the Dungeon
  5332 | D:5      | HP: 1/54 [wyvern zombie (5)]
  5333 | D:5      | Slain by a wyvern zombie

Levels and vault maps discovered:
D:1:      eino_arrival_cavern_a, layout_loops_ring
D:2:      layout_rooms, first_ration, minmay_misc_feat_room,
          kennysheep_generic_room_4
D:3:      gammafunk_steamed_eel, layout_loops_corners
D:4:      layout_loops_ring, serial_shops, kennysheep_mini_moat,
          minmay_misc_feat_cross
D:5:      layout_basic, lemuel_doored_altar, tso_altar,
          minmay_temple_entry_stoned_glass

Skill      XL: |  1  2  3  4  5  6  7 |
---------------+----------------------+-----
Ice Magic      | 5 6 7 8 |  8.0
Charms         | 2 3 |  3.4
Spellcasting   | 4 |  4.5
Conjurations   | 2 3 |  3.6
Summonings     | 2 |  2.4
Dodging        | |  2.4
Stealth        | |  2.4

Action                   |  1- 3 |  4- 6 |  7- 9 || total
-------------------------+-------+-------+-------++-------
Melee: Dagger            |    43 |    62 |       ||   105
       Spear             |    13 |    10 |    20 ||    43
Throw: Stone             |    15 |       |       ||    15
 Cast: Freeze            |    49 |    30 |    12 ||    91
       Ozocubu's Armour  |       |     7 |     2 ||     9
       Frozen Ramparts   |       |     6 |     3 ||     9
  Use: Scroll            |       |     4 |       ||     4
       Potion            |       |     1 |     1 ||     2
 Stab: Sleeping          |       |     5 |       ||     5
  Eat: Chunk             |     3 |     9 |     3 ||    15
Armor: Robe              |    17 |    13 |     3 ||    33
       Skin              |       |       |     6 ||     6
Dodge: Dodged            |    55 |    23 |    11 ||    89
Block: Other             |     5 |     6 |     1 ||    12

Table legend:
 A = Non-vault XP
 B = Vault XP
 C = Vault XP percentage of total XP
 D = Non-vault monster count
 E = Vault monster count
 F = Vault count percentage of total count
                 A         B        C        D         E       F
            +---------+---------+-------+---------+---------+-------
      Total |     964 |     112 |  10.4 |     114 |       4 |   3.4
            +---------+---------+-------+---------+---------+-------
        D:1 |      34 |       0 |   0.0 |      21 |       0 |   0.0
        D:2 |      86 |       2 |   2.3 |      36 |       2 |   5.3
        D:3 |     147 |     110 |  42.8 |      18 |       2 |  10.0
        D:4 |     600 |       0 |   0.0 |      30 |       0 |   0.0
        D:5 |      97 |       0 |   0.0 |       9 |       0 |   0.0
            +---------+---------+-------+---------+---------+-------
